AoeStats
← Drydaitas

Nomad

510517747Analyzed
2v2 RM · 1d ago on Oct 1, 2026· 43m 3s· 4 players
Game mode
Random Map
Map size
176×176
Population
200
Speed
Normal
Resources
Standard
Victory
Conquest
Starting age
Dark Age
Ending age
Imperial Age
RankedLock teamsTeams togetherTeam positionsShared explorationLock speedFull tech treeHidden civsTurbo modeCheats
Victory
Defeat
🇧🇪 Malians · Belgium
1414
+15
🇹🇼 Vikings · Taiwan
1355
+17
🇨🇿 Romans · Czechia
1404
-16
🇨🇿 Italians · Czechia
1376
-16
Drydaitas
4:53 Loom
12:32 Feudal Age
13:08 Man-at-Arms
14:00 Scale Mail Armor
15:25 Forging
19:20 Double-Bit Axe
24:10 Castle Age
22:07 Fletching
23:30 Horse Collar
24:13 Long Swordsman
25:10 Chain Mail Armor
25:45 Squires
27:05 Wheelbarrow
28:07 Crossbowman
31:12 Town Watch
32:05 Bodkin Arrow
32:40 Padded Archer Armor
34:25 Ballistics
36:23 Wheelbarrow
36:34 Leather Archer Armor
42:13 Hand Cart
Sikfred
4:29 Loom
12:11 Feudal Age
18:23 Castle Age
24:23 Fletching
26:50 Double-Bit Axe
29:54 Bodkin Arrow
30:18 Crossbowman
31:05 Padded Archer Armor
33:04 Gold Mining
33:35 Bow Saw
35:22 Ballistics
40:21 Imperial Age
小八蕊
3:32 Loom
13:29 Feudal Age
13:31 Man-at-Arms
17:51 Arson
18:25 Fletching
20:06 Double-Bit Axe
27:17 Castle Age
25:48 Horse Collar
26:13 Stone Mining
28:15 Bodkin Arrow
29:31 Bow Saw
29:22 Gold Mining
31:18 Scale Mail Armor
31:29 Forging
31:56 Gold Shaft Mining
31:26 Heavy Plow
32:06 Fishing Lines
37:39 Imperial Age
37:42 Elite Varangian Guard
40:19 Two-Man Saw
40:08 Chain Mail Armor
40:37 Squires
Filip
4:15 Loom
12:20 Feudal Age
13:02 Double-Bit Axe
13:31 Fishing Lines
20:23 Castle Age
18:20 Stone Mining
21:20 Medium Warships
23:50 Gillnets
28:29 Imperial Age
27:26 Wheelbarrow
28:40 Fletching
30:05 Bow Saw
31:51 Bodkin Arrow
33:04 Horse Collar
36:20 Conscription
37:28 Onager
37:55 Town Watch
38:51 Padded Archer Armor
39:31 Heavy Plow
42:08 Hand Cart
43:51 Forging
43:48 Scale Barding Armor
Connection lost

Rejoining the realm…

Still unreachable

The connection could not be restored.

Session expired

The server has moved on; the page needs a fresh start.